 Dungeon Crawl Stone Soup version 0.30.0-7-g0c4daa9e05 (webtiles) character file.

Game seed: 9264301607501174394

179 Kass the Grasshopper (level 5, -1/43 HPs)
             Began as a Gnoll Warper on May 13, 2023.
             Slain by a gnoll
             ... wielding a +0 flail
              (12 damage)
             ... on level 2 of the Dungeon.
             The game lasted 00:05:53 (2839 turns).

Kass the Grasshopper (Gnoll Warper)                 Turns: 2839, Time: 00:05:53

Health: -1/43      AC:  3    Str: 13    XL:     5   Next: 59%
Magic:  10/12      EV: 12    Int: 12    God:
Gold:   125        SH:  4    Dex: 11    Spells: 12/14 levels left

rFire   . . .        a - +0 spear
rCold   . . .        l - +0 buckler
rNeg    . . .        b - +0 leather armour
rPois   .            (no helmet)
rElec   .            (no cloak)
rCorr   .            (no gloves)
SInv    .            (no boots)
Will    .....        (no amulet)
Stlth   +            f - ring of wizardry
HPRegen 0.27/turn    (no ring)
MPRegen 0.13/turn

%: wizardry (x1)
@: no status effects
A: fangs 1, strong nose, distributed training
a: no special abilities


You were on level 2 of the Dungeon.
You visited 1 branch of the dungeon, and saw 4 of its levels.

You collected 125 gold pieces.

Inventory:

Hand Weapons
 a - a +0 spear (weapon)
 s - a +2 antimagic dagger
Missiles
 d - 7 boomerangs of dispersal (quivered)
 r - 8 poisoned darts
Armour
 b - a +0 leather armour (worn)
 l - a +0 buckler (worn)
Jewellery
 f - a ring of wizardry (left hand)
Wands
 u - a wand of polymorph (12)
Scrolls
 c - a scroll of blinking
 e - 2 scrolls of enchant weapon {unknown}
 j - 4 scrolls of identify {unknown}
 n - a scroll of fog {unknown}
 o - a scroll of brand weapon {unknown}
 p - a scroll of enchant armour {unknown}
Potions
 g - a potion of might {unknown}
 h - a potion of haste {unknown}
 i - a potion of lignification {unknown}
 k - a potion of ambrosia {unknown}
 m - a potion of magic {unknown}
 q - a potion of brilliance {unknown}
 t - 2 potions of heal wounds {unknown}


   Skills:
 + Level 4.8 Fighting
 + Level 1.6 Short Blades
 + Level 1.6 Long Blades
 + Level 1.6 Axes
 + Level 1.6 Maces & Flails
 + Level 4.8 Polearms
 + Level 1.6 Staves
 + Level 1.6 Ranged Weapons
 + Level 3.0 Throwing
 + Level 3.0 Armour
 + Level 4.8 Dodging
 + Level 1.6 Stealth
 + Level 1.6 Shields
 + Level 1.6 Unarmed Combat
 + Level 5.2 Spellcasting
 + Level 1.3 Conjurations
 + Level 1.3 Hexes
 + Level 1.3 Summonings
 + Level 1.3 Necromancy
 + Level 5.6 Translocations
 + Level 1.3 Transmutations
 + Level 1.3 Fire Magic
 + Level 1.3 Ice Magic
 + Level 1.3 Air Magic
 + Level 1.3 Earth Magic
 + Level 1.3 Poison Magic
 + Level 1.8 Invocations
 + Level 1.6 Evocations


You had 12 spell levels left.
You knew the following spells:

 Your Spells              Type           Power      Damage    Failure   Level
a - Blink                 Tloc           32%        N/A       2%          2

Your spell library contained the following spells:

 Spells                   Type           Power      Damage    Failure   Level
 Lesser Beckoning         Tloc           32%        N/A       2%          2
 Teleport Other           Tloc           16%        N/A       4%          3
 Vhi's Electric Charge    Tloc/Air       22%        N/A       10%         3
 Manifold Assault         Tloc           16%        N/A       14%         4


Dungeon Overview and Level Annotations

Branches:
Dungeon (4/15)
 Temple: D:4-7

Altars:
Okawaru
Zin


Innate Abilities, Weirdness & Mutations

You have very sharp teeth.
Your uncanny sense of smell can sniff out nearby items.
Your experience applies equally to all skills.


Message History

The gnoll is moderately wounded.
The gnoll hits you with a +0 flail.
You are too injured to fight recklessly!
You are too injured to fight recklessly!
The gnoll attacks as you move away! The gnoll hits you with a +0 flail.
Casting: Blink (safe; 2% risk of failure)
Confirm with . or Enter, or press ? or * to list all spells.
You blink.
The gnoll shouts!
There is a stone staircase leading up here.
You climb upwards.
You feel stable enough to blink again.
There is a stone staircase leading down here.
You start resting.
Magic restored.
You start resting.
HP restored.
You climb downwards.
You block the gnoll's attack. The gnoll misses you.
There is a stone staircase leading up here.
The gnoll hits you with a +0 flail! x2
You climb upwards.
There is a stone staircase leading down here.
Casting: Blink (safe; 2% risk of failure)
Confirm with . or Enter, or press ? or * to list all spells.
You blink.
Unknown command.
You feel stable enough to blink again. The gnoll attacks as you move away!
The gnoll completely misses you. The gnoll attacks as you move away!
The gnoll misses you. The gnoll attacks as you move away!
You block the gnoll's attack. The gnoll attacks as you move away!
The gnoll closely misses you.
Casting: Blink (safe; 2% risk of failure)
Confirm with . or Enter, or press ? or * to list all spells.
You blink.
The gnoll hits you with a +0 flail! The gnoll attacks as you move away!
The gnoll misses you. The gnoll attacks as you move away!
The gnoll hits you with a +0 flail!
* * * LOW HITPOINT WARNING * * *
You feel stable enough to blink again. The gnoll attacks as you move away!
The gnoll hits you with a +0 flail!
You die...

#......>..# ##.).## #
#.##......###8...8# #
#.##......#.##...## #
#.##..............# #
#.##..............# #
#.................####
#
#######.#............#
# #.#.#######....## #
#.@g....# #.....# #
##...##.###.....###
###..#.ยง.#......##
#.g..#......#.##
#.####......#..#
#...............
#####.########## #.#
######## ####### #.#
#.......


You could see 2 gnolls.

Vanquished Creatures
  A scorpion (D:3)
  An orc priest (D:3)
  A gnoll (D:3)
  2 adders (D:2)
  4 worms (D:2)
  5 orcs (D:2)
  5 ball pythons
  3 endoplasms (D:2)
  3 giant cockroaches (D:1)
  4 goblins
  4 hobgoblins
  A quokka (D:2)
  10 bats
  A frilled lizard (D:2)
  5 kobolds
  4 rats
54 creatures vanquished.

Notes
Turn   | Place    | Note
-------+----------+-------------------------------------------
     0 | D:1      | Kass the Gnoll Warper began the quest for the Orb.
     0 | D:1      | Reached XP level 1. HP: 20/20 MP: 6/6
   119 | D:1      | Reached XP level 2. HP: 23/26 MP: 7/7
   887 | D:1      | Found a faded altar of an unknown god.
  1170 | D:2      | Reached skill level 5 in Spellcasting
  1170 | D:2      | Reached XP level 3. HP: 31/31 MP: 7/9
  1382 | D:2      | Reached skill level 1 in Invocations
  1408 | D:2      | Reached skill level 1 in Short Blades
  1408 | D:2      | Reached skill level 1 in Long Blades
  1408 | D:2      | Reached skill level 1 in Axes
  1408 | D:2      | Reached skill level 1 in Maces & Flails
  1408 | D:2      | Reached skill level 1 in Staves
  1408 | D:2      | Reached skill level 1 in Ranged Weapons
  1408 | D:2      | Reached skill level 1 in Stealth
  1408 | D:2      | Reached skill level 1 in Shields
  1408 | D:2      | Reached skill level 1 in Unarmed Combat
  1408 | D:2      | Reached skill level 1 in Evocations
  1573 | D:2      | Reached XP level 4. HP: 36/38 MP: 11/11
  1587 | D:2      | Learned a level 2 spell: Blink
  2104 | D:2      | Reached skill level 1 in Conjurations
  2104 | D:2      | Reached skill level 1 in Hexes
  2104 | D:2      | Reached skill level 1 in Summonings
  2104 | D:2      | Reached skill level 1 in Necromancy
  2104 | D:2      | Reached skill level 1 in Transmutations
  2104 | D:2      | Reached skill level 1 in Fire Magic
  2104 | D:2      | Reached skill level 1 in Ice Magic
  2104 | D:2      | Reached skill level 1 in Air Magic
  2104 | D:2      | Reached skill level 1 in Earth Magic
  2104 | D:2      | Reached skill level 1 in Poison Magic
  2184 | D:3      | You fall into a shaft and drop 1 floor!
  2201 | D:3      | Found a glowing silver altar of Zin.
  2293 | D:3      | Found an iron altar of Okawaru.
  2304 | D:3      | Noticed a scorpion
  2331 | D:3      | Killed a scorpion
  2332 | D:3      | Reached XP level 5. HP: 18/43 MP: 12/12
  2839 | D:2      | Slain by a gnoll

Illustrated notes

Levels and vault maps discovered:
D:1:      lemuel_arrival_river_bridge, layout_loops_corners,
          shapermc_ecumenical_altar_hornbeckon, nicolae_kite_square_tiling_tiny
D:2:      minmay_diamond_boxcup, layout_basic, corexii_hall_statues_deadend,
          minivault_14
D:3:      layout_rooms, grunt_temple_overflow_holy_war,
          mainiacjoe_overflow_alcove_2, nicolae_overflow_hidden_temple,
          lemuel_zombie_altar_kikubaaqudgha
D:4:      layout_basic, mainiacjoe_overflow_two_lobes, minmay_temple_entry_hall,
          serial_curves, eino_curves_02, eino_curves_04, eino_curves_03,
          eino_curves_02

Skill      XL: |  1  2  3  4 |
---------------+-------------+-----
Spellcasting   | 5 |  5.2
Invocations    | 1 |  1.8
Short Blades   | 1 |  1.6
Long Blades    | 1 |  1.6
Axes           | 1 |  1.6
Maces & Flails | 1 |  1.6
Staves         | 1 |  1.6
Ranged Weapons | 1 |  1.6
Stealth        | 1 |  1.6
Shields        | 1 |  1.6
Unarmed Combat | 1 |  1.6
Evocations     | 1 |  1.6
Conjurations   | 1 |  1.3
Hexes          | 1 |  1.3
Summonings     | 1 |  1.3
Necromancy     | 1 |  1.3
Transmutations | 1 |  1.3
Fire Magic     | 1 |  1.3
Ice Magic      | 1 |  1.3
Air Magic      | 1 |  1.3
Earth Magic    | 1 |  1.3
Poison Magic   | 1 |  1.3
Throwing       | 3 |  3.0
Armour         | 3 |  3.0
Fighting       | |  4.8
Polearms       | |  4.8
Dodging        | |  4.8
Translocations | |  5.6

Action                     |  1- 3 |  4- 6 || total
---------------------------+-------+-------++-------
  Melee: Spear             |   157 |   108 ||   265
         Bite              |    12 |    10 ||    22
  Throw: Dart              |       |     2 ||     2
   Cast: Blink             |       |     6 ||     6
   Stab: Sleeping          |     3 |     1 ||     4
 Armour: Leather armour    |    23 |    21 ||    44
  Dodge: Dodged            |    51 |    73 ||   124
  Block: Buckler           |    13 |    25 ||    38
